[Event "NJSK 2021 Jeugd A"]
[Site "Almelo, Netherlands"]
[Date "2021.08.02"]
[Round "2.8"]
[White "Hubers, Daan"]
[Black "Verweij, David"]
[Result "1-0"]
[WhiteElo "1695"]
[BlackElo "1833"]
[PlyCount "167"]
[EventDate "2021.??.??"]
[TimeControl "90/40+30:0"]

1. b4 {15} d5 {29} 2. Bb2 {7} Bf5 {14} 3. Nf3 {58} Nf6 {19} 4. e3 {192} e6 {13}
5. b5 {919} a6 {116} 6. a4 {51} axb5 {101} 7. axb5 {13} Rxa1 {8} 8. Bxa1 {3} c6
{33} 9. Nc3 {297} Bd6 {51} 10. Ne2 {288} Qa5 {727} 11. Ned4 {133} Bg4 {119} 12.
bxc6 {301} Nxc6 {106} 13. Bc3 {175} Bb4 {150} 14. Bxb4 {206} Qxb4 {21} 15. Bb5
{64} Qd6 {396} 16. O-O {176} O-O {270} 17. Qa1 {168} e5 {291} 18. Nxc6 {383}
bxc6 {23} 19. Be2 {80} Ne4 {373} 20. Rd1 {399} Ng5 {268} 21. Nxg5 {504} Bxe2 {
13} 22. Rb1 {324} Qf6 {743} 23. Nh3 {273} Bg4 {140} 24. Qa4 {14} Bxh3 {242} 25.
gxh3 {5} h5 {194} 26. f4 {338} Re8 {122} 27. Rf1 {255} Re6 {333} 28. f5 {330}
Qg5+ {60} 29. Kh1 {2} Rf6 {27} 30. h4 {134} Qh6 {311} 31. Qa8+ {92} Kh7 {18}
32. Qe8 {79} e4 {58} 33. Qe7 Kg8 {378} 34. Qe8+ {16} Kh7 {147} 35. Qd8 Rd6 {150
} 36. Qg5 c5 {264} 37. Rf4 {61} Ra6 {77} 38. c3 {120} Qxg5 {10} 39. hxg5 {7}
Ra2 {5} 40. Rf2 {104} Kg8 {10} 41. Kg2 {22} Kf8 {22} 42. g6 {255} f6 {37} 43.
Kg3 {33} Ke7 {156} 44. Kf4 {532} Kd6 {17} 45. h3 {66} Kc6 {112} 46. Kg3 {554}
Kb5 {35} 47. Kh4 {24} Rc2 {251} 48. Kxh5 {31} d4 {18} 49. Rf1 {113} Rxd2 {118}
50. cxd4 {11} cxd4 {10} 51. exd4 {30} Kc4 {49} 52. Rc1+ {59} Kxd4 {48} 53. Rc7
{22} Ke5 {77} 54. Rxg7 {65} Kxf5 {118} 55. Re7 Rg2 {312} 56. g7 {0} Kf4 {0} 57.
h4 {0} f5 {0} 58. Kh6 {0} Ke3 {0} 59. h5 {0} f4 {0} 60. Kh7 {0} f3 {0} 61. g8=Q
{0} Rxg8 {0} 62. Kxg8 {0} f2 {0} 63. Rf7 {0} Ke2 {0} 64. h6 {0} e3 {0} 65. h7 {
0} f1=Q {0} 66. Rxf1 {0} Kxf1 {0} 67. h8=Q {0} e2 {0} 68. Qf6+ {0} Kg2 {0} 69.
Qg5+ {0} Kf2 {0} 70. Qf4+ {0} Kg2 {0} 71. Qg4+ {0} Kf2 {0} 72. Qh4+ {0} Kf1 {0}
73. Qf4+ {1928} Ke1 {84} 74. Kf7 {20} Kd1 {124} 75. Qd4+ {7} Kc2 {81} 76. Qe3 {
7} Kd1 {16} 77. Qd3+ {7} Ke1 {6} 78. Kf6 {27} Kf1 {122} 79. Qf3+ {24} Ke1 {6}
80. Ke5 {6} Kd2 {6} 81. Qf4+ {10} Kc2 {14} 82. Qe3 {4} Kd1 {15} 83. Qd3+ {2}
Ke1 {17} 84. Kf4 {9} 1-0

[Event "NJSK 2021 Jeugd A"]
[Site "Almelo, Netherlands"]
[Date "2021.08.02"]
[Round "2.9"]
[White "Arnold, Kiri"]
[Black "Sonneveld, David"]
[Result "1-0"]
[WhiteElo "1827"]
[BlackElo "1589"]
[PlyCount "67"]
[EventDate "2021.??.??"]
[TimeControl "90/40+30:0"]

1. e4 {1} c5 {6} 2. Nc3 {10} d6 {3} 3. Nf3 {13} Nf6 {4} 4. d4 {22} cxd4 {1} 5.
Nxd4 {7} a6 {2} 6. h3 {50} e5 {5} 7. Nde2 {20} h5 {5} 8. g3 {24} Be6 {20} 9.
Bg2 {16} Be7 {75} 10. a4 {111} Nc6 {378} 11. O-O {273} Nb4 {1067} 12. Nd5 {3112
} Nfxd5 {340} 13. exd5 {5} Bf5 {22} 14. c4 {197} Rc8 {137} 15. b3 {356} Bg5 {
1823} 16. f4 {423} Bf6 {225} 17. Bd2 {584} exf4 {541} 18. Rxf4 {254} Bxa1 {216}
19. Qxa1 {27} Bg6 {739} 20. Bxb4 {210} O-O {85} 21. Qd4 {73} Re8 {48} 22. Bc3 {
50} f6 {37} 23. Be4 {27} Rxe4 {87} 24. Rxe4 {3} Bxe4 {0} 25. Qxe4 {2} Qb6+ {7}
26. Kg2 {11} Kf8 {233} 27. Qh7 {166} Re8 {106} 28. Nd4 {19} Qc7 {30} 29. Ne6+ {
81} Rxe6 {0} 30. dxe6 {2} Qc6+ {0} 31. Kf2 {19} Qc5+ {3} 32. Ke2 {11} Qg5 {19}
33. Qh8+ {106} Ke7 {0} 34. Qc8 {6} 1-0

[Event "NJSK 2021 Jeugd A"]
[Site "Almelo, Netherlands"]
[Date "2021.08.02"]
[Round "2.10"]
[White "Torensma, Christian"]
[Black "Broersma, Sven"]
[Result "1/2-1/2"]
[WhiteElo "1641"]
[BlackElo "1710"]
[PlyCount "41"]
[EventDate "2021.??.??"]
[TimeControl "90/40+30:0"]

1. d4 {9} Nf6 {6} 2. c4 {16} c5 {6} 3. d5 {5} b5 {21} 4. Qc2 {43} b4 {12} 5. e4
{125} d6 {17} 6. a3 {52} a5 {25} 7. f4 {42} g6 {49} 8. Nf3 {77} Bg7 {68} 9. Bd3
{174} O-O {17} 10. O-O {42} Nbd7 {16} 11. Kh1 {127} e6 {367} 12. dxe6 {197}
fxe6 {8} 13. Ng5 {18} Qe7 {441} 14. axb4 {391} cxb4 {20} 15. Be3 {22} Nc5 {964}
16. Bxc5 {762} dxc5 {319} 17. e5 {1292} Nh5 {1078} 18. Nh3 {1344} Bb7 {799} 19.
Kg1 {233} Qd7 {693} 20. Rf2 {143} Qd4 {709} 21. g3 {15} 1/2-1/2

[Event "NJSK 2021 Jeugd A"]
[Site "Almelo, Netherlands"]
[Date "2021.08.03"]
[Round "3.1"]
[White "Bruil, Rembrandt"]
[Black "Elgersma, Onno"]
[Result "1-0"]
[WhiteElo "2105"]
[BlackElo "2292"]
[PlyCount "115"]
[EventDate "2021.??.??"]
[TimeControl "90/40+30:0"]

1. d4 {64884} Nf6 {19} 2. c4 {14} e6 {3} 3. Nf3 {25} d5 {21} 4. Nc3 {17} c5 {12
} 5. cxd5 {118} exd5 {13} 6. g3 {51} Nc6 {15} 7. Bg2 {35} cxd4 {12} 8. Nxd4 {11
} Bc5 {11} 9. Nxc6 {102} bxc6 {4} 10. O-O {20} O-O {7} 11. Na4 {381} Bb6 {57}
12. Qc2 {493} Bd7 {287} 13. Nc5 {442} Bg4 {289} 14. Re1 {657} Re8 {180} 15. b4
{474} a5 {647} 16. Nb7 {254} Qc7 {38} 17. Nxa5 {81} Bxa5 {4} 18. bxa5 {5} Qxa5
{15} 19. Bb2 {287} Qa4 {109} 20. Qd2 {304} Re6 {441} 21. Rab1 {628} Bf5 {175}
22. Rbc1 {75} Rae8 {619} 23. a3 {66} h6 {233} 24. e3 {129} Ne4 {94} 25. Bxe4 {
458} Bxe4 {166} 26. Qd4 {45} Qxd4 {5} 27. Bxd4 {17} Ra8 {235} 28. Bc5 {201} Ra4
{29} 29. Rc3 {281} Re8 {581} 30. Bb4 {111} Rc8 {26} 31. Rec1 {57} Ra6 {24} 32.
Kf1 {29} Bf3 {39} 33. Ke1 {128} f6 {31} 34. Bc5 {154} Ra4 {86} 35. Bb4 {10} Ra6
{553} 36. Bc5 {4} Re8 {52} 37. Rb1 {217} Kh7 {56} 38. Bd4 {105} Kg6 {76} 39.
Rb6 {40} Ra4 {55} 40. Kd2 {25} Rea8 {167} 41. Bc5 {568} Rc4 {675} 42. Rxc4 {426
} dxc4 {14} 43. Kc3 {22} Bd5 {9} 44. Rb7 {451} Ra5 {577} 45. Bb4 {490} Rb5 {101
} 46. Rc7 {5} Kf5 {397} 47. a4 {55} Rb8 {29} 48. a5 {8} Ra8 {57} 49. Rxg7 {58}
Ke4 {273} 50. Rg4+ {9} Ke5 {126} 51. Rd4 {43} f5 {60} 52. Rh4 {39} h5 {232} 53.
Rxh5 {32} c5 {77} 54. Bxc5 {9} Rxa5 {5} 55. Bd4+ {24} Ke4 {121} 56. f3+ {13}
Kxf3 {55} 57. Rxf5+ {4} Ke2 {8} 58. Kb4 {26} 1-0

[Event "NJSK 2021 Jeugd A"]
[Site "Almelo, Netherlands"]
[Date "2021.08.03"]
[Round "3.2"]
[White "Maters, Arthur"]
[Black "Hilwerda, Jonas"]
[Result "0-1"]
[WhiteElo "2032"]
[BlackElo "2240"]
[PlyCount "62"]
[EventDate "2021.??.??"]
[TimeControl "90/40+30:0"]

1. e4 {1} c5 {3} 2. Nf3 {5} Nc6 {2} 3. d4 {5} cxd4 {4} 4. Nxd4 {4} Nf6 {3} 5.
Nc3 {6} e5 {3} 6. Ndb5 {5} d6 {3} 7. Bg5 {14} a6 {1} 8. Na3 {7} b5 {4} 9. Bxf6
{4} gxf6 {2} 10. Nd5 {8} f5 {3} 11. Nxb5 {6} axb5 {6} 12. Bxb5 {4} Bb7 {5} 13.
exf5 {5} Rc8 {37} 14. c3 {17} Bg7 {43} 15. Qf3 {141} Bf6 {6} 16. a4 {95} O-O {
395} 17. O-O {144} Kh8 {325} 18. Qd3 {823} e4 {325} 19. Qe3 {195} Be5 {1141}
20. f4 {1430} exf3 {520} 21. Rxf3 {49} Ne7 {880} 22. Nxe7 {554} Qxe7 {127} 23.
Rh3 {16} Rg8 {264} 24. Bf1 {208} Be4 {615} 25. Bd3 {385} Bxg2 {439} 26. Rg3 {
234} Ba8 {198} 27. f6 {205} Qb7 {211} 28. Qh6 {218} Rxg3+ {73} 29. Kf2 {6} Qf3+
{49} 30. Ke1 {9} Rg1+ {20} 31. Kd2 {10} Bf4+ {11} 0-1

[Event "NJSK 2021 Jeugd A"]
[Site "Almelo, Netherlands"]
[Date "2021.08.03"]
[Round "3.3"]
[White "Grutter, Tim"]
[Black "Roebers, Eline"]
[Result "1/2-1/2"]
[WhiteElo "2253"]
[BlackElo "2173"]
[PlyCount "120"]
[EventDate "2021.??.??"]
[TimeControl "90/40+30:0"]

1. e4 {2} c5 {5} 2. Nf3 {3} Nc6 {7} 3. Nc3 {4} e5 {16} 4. Bc4 {4} Be7 {152} 5.
d3 {12} Nf6 {142} 6. Nd2 {18} d6 {201} 7. Nf1 {9} a6 {190} 8. a4 {223} Be6 {174
} 9. Ne3 {362} Rb8 {237} 10. O-O {336} Nd4 {184} 11. Ncd5 {768} b5 {121} 12.
Nxf6+ {427} Bxf6 {61} 13. axb5 {432} axb5 {101} 14. Bd5 {13} Qc8 {533} 15. c3 {
614} Nc6 {15} 16. g3 {119} O-O {1204} 17. Bd2 {628} Ne7 {452} 18. Qf3 {215} Bg5
{354} 19. Ra7 {494} Kh8 {685} 20. Bxe6 {245} fxe6 {4} 21. Qg4 {25} Bf6 {7} 22.
Rfa1 {105} Nc6 {160} 23. R7a6 {13} Qd7 {207} 24. h4 {118} Bd8 {105} 25. Ng2 {
102} c4 {226} 26. dxc4 {116} bxc4 {4} 27. Ne3 {11} Bb6 {97} 28. R6a4 {416} Qf7
{29} 29. Rf1 {76} d5 {28} 30. Kh1 {74} Bxe3 {138} 31. Bxe3 {1} Rxb2 {17} 32.
Bc5 {56} Rfb8 {153} 33. Ra6 {38} Qb7 {65} 34. Rfa1 {58} Rb1+ {59} 35. Rxb1 {116
} Qxb1+ {4} 36. Kg2 {5} Qb5 {73} 37. Rb6 {77} Qxc5 {73} 38. Rxb8+ {4} Nxb8 {4}
39. Qxe6 {5} Qf8 {70} 40. exd5 {84} Qg8 {93} 41. Qxe5 {117} Nd7 {144} 42. Qd4 {
188} Nf6 {39} 43. Qxc4 {192} Nxd5 {113} 44. Qd4 {52} Qa8 {148} 45. Qe4 {498}
Ne3+ {1310} 46. Kf3 {4} Qxe4+ {3} 47. Kxe4 {3} Nd1 {4} 48. c4 {159} Nxf2+ {0}
49. Kd5 {8} Kg8 {201} 50. c5 {330} Ng4 {165} 51. c6 {180} Nf6+ {3} 52. Ke6 {143
} Ne8 {5} 53. Ke7 {380} Nc7 {5} 54. g4 {31} Nb5 {71} 55. g5 {6} Na7 {95} 56. c7
{0} Nc8+ {16} 57. Kd7 {11} Nb6+ {4} 58. Kc6 {11} Nc8 {7} 59. Kd7 {4} Na7 {30}
60. Ke7 {55} Nc8+ {18} 1/2-1/2

[Event "NJSK 2021 Jeugd A"]
[Site "Almelo, Netherlands"]
[Date "2021.08.03"]
[Round "3.4"]
[White "Honkoop, Gilian"]
[Black "Van Foreest, Machteld"]
[Result "1-0"]
[WhiteElo "2157"]
[BlackElo "2161"]
[PlyCount "61"]
[EventDate "2021.??.??"]
[TimeControl "90/40+30:0"]

1. d4 {2} d5 {8} 2. Nf3 {4} Nf6 {5} 3. c4 {3} c6 {2} 4. Qc2 {4} e6 {4} 5. g3 {3
} Be7 {353} 6. Bg2 {18} O-O {6} 7. O-O {3} b6 {79} 8. Nbd2 {8} Bb7 {59} 9. e4 {
19} c5 {1000} 10. dxc5 {924} dxe4 {133} 11. Ng5 {73} Nc6 {928} 12. Ndxe4 {1576}
Nxe4 {44} 13. Nxe4 {7} Nd4 {404} 14. Qd3 {827} bxc5 {219} 15. Nf6+ {117} Bxf6 {
15} 16. Bxb7 {3} Rb8 {71} 17. Be4 {22} h6 {12} 18. Rb1 {47} Qa5 {39} 19. Bf4 {
458} e5 {193} 20. Bd2 {90} Qxa2 {17} 21. Bc3 {51} Qb3 {79} 22. Ra1 {7} Rfd8 {
115} 23. Ra3 {416} Qb6 {139} 24. Ba5 {4} Qxb2 {33} 25. Bxd8 {4} Rxd8 {14} 26.
Rb1 {13} Qe2 {770} 27. Qxe2 {6} Nxe2+ {2} 28. Kf1 {6} Nd4 {6} 29. Ra4 {9} a6
30. Rxa6 {0} Ne6 {44} 31. Ra7 {0} 1-0

[Event "NJSK 2021 Jeugd A"]
[Site "Almelo, Netherlands"]
[Date "2021.08.03"]
[Round "3.5"]
[White "Shakhverdian, William"]
[Black "Arnold, Kiri"]
[Result "1-0"]
[WhiteElo "2074"]
[BlackElo "1827"]
[PlyCount "97"]
[EventDate "2021.??.??"]
[TimeControl "90/40+30:0"]

1. d4 {2} Nf6 {5} 2. c4 {11} c5 {10} 3. d5 {10} b5 {7} 4. Nf3 {8} bxc4 {170} 5.
Nc3 {6} e6 {385} 6. e4 {179} Bb7 {808} 7. Bxc4 {127} exd5 {316} 8. exd5 {281}
d6 {294} 9. O-O {1656} Be7 {149} 10. a4 {667} O-O {736} 11. a5 {146} a6 {231}
12. h3 {34} Nbd7 {226} 13. Bf4 {19} Qc7 {304} 14. Qd3 {283} Rfd8 {554} 15. Rfe1
{8} Nf8 {117} 16. Bh2 {744} Ng6 {103} 17. Nd2 {614} Ne5 {547} 18. Qe2 {47} Ng6
{69} 19. f4 {551} Nd7 {103} 20. Nde4 {67} Bf6 {150} 21. Nxf6+ {28} Nxf6 {2} 22.
Qd3 {9} h6 {250} 23. b3 {190} Kf8 {112} 24. Qd2 {231} Ne7 {187} 25. g4 {37} h5
{96} 26. g5 {40} Nfg8 {53} 27. Qd3 {122} Qd7 {40} 28. Rad1 {64} Nf5 {58} 29.
Na4 {12} Nd4 {96} 30. Nb6 {13} Qc7 {11} 31. Nxa8 {94} Rxa8 {3} 32. Kh1 {35} Bc8
{16} 33. Bg1 {23} Bf5 {25} 34. Qc3 {18} Nc2 {103} 35. Re2 {31} Nb4 {13} 36. Ra1
{47} Qd7 {14} 37. Kh2 {19} Ne7 {48} 38. Qf3 {10} Kg8 {112} 39. Qxh5 {72} Bg6 {
45} 40. Qf3 {23} Kh7 {32} 41. Bf2 {41} Rh8 {21} 42. Rae1 {11} Nf5 {28} 43. h4 {
42} f6 {47} 44. gxf6 {468} Kg8 {439} 45. fxg7 {1001} Rh6 {36} 46. Qg4 {205} Bh5
{596} 47. Qg5 {16} Bxe2 {84} 48. Rxe2 {73} Qxg7 {19} 49. Qxf5 {68} 1-0

[Event "NJSK 2021 Jeugd A"]
[Site "Almelo, Netherlands"]
[Date "2021.08.03"]
[Round "3.6"]
[White "Arabi, Osama"]
[Black "Hubers, Daan"]
[Result "1/2-1/2"]
[WhiteElo "1901"]
[BlackElo "1695"]
[PlyCount "116"]
[EventDate "2021.??.??"]
[TimeControl "90/40+30:0"]

1. d4 {3} e6 {16} 2. c4 {82} b6 {234} 3. e4 {60} d5 {189} 4. cxd5 {145} exd5 {
15} 5. exd5 {140} Qxd5 {67} 6. Nc3 {53} Bb4 {215} 7. Qa4+ {616} Nc6 {72} 8. Be2
{129} Bd7 {285} 9. Nf3 {285} Nxd4 {354} 10. Qxb4 {134} Nc2+ {19} 11. Kf1 {8}
Nxb4 {87} 12. Nxd5 {18} Nxd5 {15} 13. Ne5 {62} Ngf6 {435} 14. Bg5 {319} O-O {
218} 15. Nxd7 {218} Nxd7 {115} 16. Bf3 {71} c6 {138} 17. Rd1 {469} f6 {235} 18.
Rxd5 {595} cxd5 {101} 19. Bxd5+ {17} Kh8 {68} 20. Bxa8 {19} Rxa8 {30} 21. Bd2 {
134} Nc5 {99} 22. Ke2 {78} Kg8 {160} 23. Rc1 {55} Kf7 {100} 24. Be3 {27} Ne6 {
29} 25. a4 {58} f5 {70} 26. Rc4 {76} g5 {344} 27. g4 {258} fxg4 {190} 28. Rxg4
{47} Rc8 {134} 29. Kd2 {177} h5 {208} 30. Rb4 {61} Rd8+ {46} 31. Kc3 {44} Rd5 {
165} 32. Kc4 {60} Re5 {316} 33. Rb5 {91} Re4+ {68} 34. Kb3 {77} Rh4 {360} 35.
a5 {143} bxa5 {225} 36. Rxa5 {41} Rxh2 {41} 37. Rxa7+ {203} Kg6 {22} 38. Kc4 {
43} Rg2 {186} 39. Kd5 {45} Nf4+ {147} 40. Ke4 {54} h4 {105} 41. Ra6+ {745} Kh5
{547} 42. Kf5 {275} Nd5 {361} 43. Bc5 {390} Rg4 {285} 44. Rh6+ {146} Kxh6 {51}
45. Kxg4 {6} Nf6+ {138} 46. Kh3 {71} Nd5 {360} 47. b4 {114} Kh5 {285} 48. f3 {
388} Nc7 {14} 49. Be7 {65} Nb5 {106} 50. Kg2 {25} Kg6 {51} 51. Bc5 {67} Kf5 {18
} 52. Be3 {10} Nc3 {63} 53. Bg1 {180} Nb5 {38} 54. Bh2 {13} Nd4 {26} 55. Kf2 {
10} Ke6 {49} 56. Bc7 {57} Kd5 {49} 57. b5 {24} Nxb5 {42} 58. Bd8 {6} Nd4 {101}
1/2-1/2

[Event "NJSK 2021 Jeugd A"]
[Site "Almelo, Netherlands"]
[Date "2021.08.03"]
[Round "3.7"]
[White "Kruimer, Matthias"]
[Black "Torensma, Christian"]
[Result "1-0"]
[WhiteElo "1909"]
[BlackElo "1641"]
[PlyCount "76"]
[EventDate "2021.??.??"]
[TimeControl "90/40+30:0"]

1. e4 {2} e6 {12} 2. d4 {5} d5 {6} 3. Nd2 {5} Be7 {31} 4. Ngf3 {6} Nf6 {35} 5.
e5 {9} Nfd7 {7} 6. c3 {6} c5 {37} 7. Bd3 {10} b6 {141} 8. O-O {9} Ba6 {23} 9.
Bxa6 {6} Nxa6 {11} 10. Ne1 {21} b5 {210} 11. Qg4 {55} O-O {216} 12. Ndf3 {31}
Kh8 {27} 13. h4 {34} Rg8 {432} 14. Nd3 {360} Nc7 {839} 15. Bg5 {306} f6 {627}
16. Be3 {88} f5 {842} 17. Qh3 {92} c4 {420} 18. Nf4 {154} Qe8 {10} 19. Ne2 {591
} Nf8 {612} 20. Bg5 {132} Bd8 {118} 21. Bxd8 {476} Rxd8 {30} 22. Ng5 {45} Rd7 {
321} 23. Nf4 {549} Ng6 {55} 24. Qf3 {154} Nxf4 {73} 25. Qxf4 {8} h6 {240} 26.
Nh3 {364} g5 {236} 27. hxg5 {473} hxg5 {21} 28. Qd2 {797} f4 {332} 29. f3 {119}
Qh5 {37} 30. Kf2 {187} Rh7 {77} 31. Rh1 {245} Qg6 {56} 32. Ke2 {193} Ne8 {102}
33. Nf2 {20} Rgg7 {15} 34. Ng4 {69} Rh4 {31} 35. Rxh4+ {64} gxh4 {4} 36. Qxf4 {
299} Qd3+ {4} 37. Ke1 {12} Kg8 {64} 38. Qd2 {215} Qf5 {30} 1-0

[Event "NJSK 2021 Jeugd A"]
[Site "Almelo, Netherlands"]
[Date "2021.08.03"]
[Round "3.8"]
[White "Broersma, Sven"]
[Black "Van Dam, Thijs"]
[Result "1-0"]
[WhiteElo "1710"]
[BlackElo "1848"]
[PlyCount "53"]
[EventDate "2021.??.??"]
[TimeControl "90/40+30:0"]

1. d4 {2} Nf6 {10} 2. c4 {8} e6 {6} 3. Nc3 {7} d5 {15} 4. cxd5 {8} exd5 {11} 5.
Bg5 {7} c6 {18} 6. e3 {23} Bd6 {22} 7. Bd3 {12} O-O {12} 8. Qc2 {43} h6 {11} 9.
Bh4 {7} Re8 {26} 10. Nge2 {29} a5 {38} 11. h3 {111} Na6 {45} 12. a3 {32} Nc7 {
34} 13. O-O {89} Ne6 {343} 14. f3 {159} Ng5 {396} 15. f4 {885} Nxh3+ {597} 16.
gxh3 {134} Rxe3 {127} 17. Bf5 {707} g5 {1673} 18. fxg5 {122} Ne4 {151} 19. Nxe4
{2248} Bxf5 {489} 20. Rxf5 {13} Rxe4 {44} 21. Bg3 {233} Qe8 {470} 22. Bxd6 {298
} Rxe2 {26} 23. Qd3 {4} Re3 {52} 24. Qf1 {22} Rd8 {231} 25. Be5 {32} c5 {81}
26. gxh6 {73} f6 {100} 27. Qg2+ {71} 1-0

[Event "NJSK 2021 Jeugd A"]
[Site "Almelo, Netherlands"]
[Date "2021.08.03"]
[Round "3.9"]
[White "Verheul, Job"]
[Black "Li-Behn, Tobias"]
[Result "1-0"]
[WhiteElo "1655"]
[BlackElo "1443"]
[PlyCount "83"]
[EventDate "2021.??.??"]
[TimeControl "90/40+30:0"]

1. e4 {1} e5 {8} 2. Nf3 {5} Nc6 {5} 3. Bb5 {5} a6 {34} 4. Ba4 {7} g6 {23} 5. c3
{138} Bg7 {20} 6. d4 {164} exd4 {15} 7. cxd4 {21} b5 {85} 8. Bb3 {183} Na5 {17}
9. O-O {105} Nxb3 {43} 10. Qxb3 {10} Ne7 {15} 11. Bg5 {355} O-O {56} 12. Nc3 {
109} h6 {199} 13. Bh4 {81} g5 {18} 14. Bg3 {47} d6 {93} 15. a4 {812} bxa4 {1191
} 16. Rxa4 {0} Bd7 {417} 17. Ra3 {107} g4 {143} 18. Nd2 {1012} Bxd4 {315} 19.
Bh4 {15} Qe8 {714} 20. Qc4 {596} Be5 {662} 21. f4 {430} gxf3 {316} 22. Nxf3 {29
} Ng6 {162} 23. Nxe5 {52} dxe5 {329} 24. Bg3 {1038} Bb5 {253} 25. Nxb5 {13}
Qxb5 {11} 26. Qxc7 {46} Qxb2 {43} 27. Raf3 {22} Rac8 {354} 28. Qa5 {120} Qb5 {
242} 29. Qd2 {53} Kg7 {235} 30. h4 {0} Rcd8 {367} 31. Qa2 {112} f6 {104} 32.
Qe6 {100} Qc5+ {57} 33. Kh2 {37} Rd6 {55} 34. Qg4 {17} h5 {189} 35. Qxh5 {55}
Rh8 {54} 36. Qg4 {6} Kf7 {23} 37. Qg5 {65} Nf4 {99} 38. Rxf4 {17} exf4 {54} 39.
Qxc5 {13} fxg3+ {34} 40. Kxg3 {41} Rd3+ {53} 41. Rf3 {58} Rg8+ {61} 42. Kh2 {23
} 1-0

[Event "NJSK 2021 Jeugd A"]
[Site "Almelo, Netherlands"]
[Date "2021.08.03"]
[Round "3.10"]
[White "Verweij, David"]
[Black "Sonneveld, David"]
[Result "0-1"]
[WhiteElo "1833"]
[BlackElo "1589"]
[PlyCount "74"]
[EventDate "2021.??.??"]
[TimeControl "90/40+30:0"]

1. e4 {2} c5 {743} 2. d3 {7} d6 {9} 3. g3 {24} Nc6 {87} 4. Bg2 {11} g6 {6} 5.
f4 {40} Bg7 {11} 6. Nf3 {7} e6 {11} 7. Nc3 {16} Nge7 {14} 8. O-O {29} b6 {32}
9. Bd2 {134} Ba6 {129} 10. Nh4 {361} Nd4 {534} 11. f5 {204} Nec6 {285} 12. Qc1
{1087} Nb4 {1708} 13. Bh6 {690} Be5 {211} 14. fxe6 {474} fxe6 {145} 15. Bh3 {
839} Nbxc2 {951} 16. Bxe6 {128} Nxe6 {30} 17. Qxc2 {23} Qd7 {33} 18. Nd5 {189}
O-O-O {70} 19. Nf3 {58} Bb7 {75} 20. Ne3 {198} Rhg8 {113} 21. Rad1 {318} Nd4 {
100} 22. Nxd4 {269} Bxd4 {1} 23. Kg2 {19} d5 {95} 24. Rf3 {255} dxe4 {209} 25.
dxe4 {15} Qe6 {183} 26. Nd5 {171} Bxd5 {66} 27. Rxd4 {22} Bc6 {81} 28. Rc4 {26}
g5 {31} 29. b4 {59} Qxh6 {2} 30. bxc5 {31} g4 {79} 31. Rf4 {18} b5 {23} 32. Rb4
{39} Rgf8 {44} 33. a4 {95} Rxf4 {5} 34. gxf4 {14} Qxf4 {38} 35. Kg1 {27} Qe3+ {
12} 36. Kf1 {44} Qf3+ {31} 37. Ke1 {21} Qh1+ {4} 0-1

[Event "NJSK 2021 Jeugd A"]
[Site "Almelo, Netherlands"]
[Date "2021.08.04"]
[Round "4.1"]
[White "Hilwerda, Jonas"]
[Black "Bruil, Rembrandt"]
[Result "1-0"]
[WhiteElo "2240"]
[BlackElo "2105"]
[PlyCount "75"]
[EventDate "2021.??.??"]
[TimeControl "90/40+30:0"]

1. e4 {4083} c5 {24} 2. Nf3 {10} g6 {34} 3. d4 {48} cxd4 {10} 4. Nxd4 {28} Bg7
{30} 5. Nc3 {51} Nc6 {55} 6. Be3 {47} Nf6 {38} 7. Bc4 {49} O-O {45} 8. Qe2 {43}
d6 {634} 9. f3 {5} Na5 {356} 10. Bd3 {69} a6 {132} 11. O-O-O {1024} b5 {785}
12. Qd2 {1559} Bd7 {372} 13. Bh6 {213} Qb6 {90} 14. Bxg7 {269} Kxg7 {11} 15.
Nce2 {182} Rab8 {162} 16. Kb1 {320} Nc4 {189} 17. Qc1 {1} e5 {345} 18. Nf5+ {
261} Bxf5 {309} 19. exf5 {1} Ne3 {211} 20. Rdg1 {124} d5 {141} 21. g4 {557} g5
{824} 22. h4 {77} h6 {12} 23. Ng3 {33} d4 {243} 24. hxg5 {332} hxg5 {5} 25. Rh5
{474} Nxh5 {719} 26. Nxh5+ {2} Kg8 {13} 27. f6 {2} Rfd8 {24} 28. Qd2 {128} Rd6
{63} 29. Qh2 {61} Re8 {60} 30. Ng7 {59} Rxf6 {114} 31. Qh7+ {5} Kf8 {5} 32.
Qh8+ {3} Ke7 {34} 33. Qxe8+ {2} Kd6 {6} 34. Qf8+ {53} Kd7 {30} 35. Bf5+ {43}
Kc6 {83} 36. Qc8+ {35} Qc7 {140} 37. Qxc7+ {5} Kd5 {2} 38. Be4# {7} 1-0

[Event "NJSK 2021 Jeugd A"]
[Site "Almelo, Netherlands"]
[Date "2021.08.04"]
[Round "4.2"]
[White "Elgersma, Onno"]
[Black "Shakhverdian, William"]
[Result "1-0"]
[WhiteElo "2292"]
[BlackElo "2074"]
[PlyCount "119"]
[EventDate "2021.??.??"]
[TimeControl "90/40+30:0"]

1. c4 {3} e6 {28} 2. Nc3 {36} d5 {5} 3. d4 {109} a6 {4} 4. c5 {81} e5 {605} 5.
e3 {324} Nc6 {312} 6. Nf3 {304} e4 {240} 7. Nd2 {31} f5 {484} 8. Qb3 {44} Nf6 {
82} 9. Be2 {61} g6 {222} 10. O-O {660} Bh6 {69} 11. Kh1 {562} O-O {577} 12. f4
{611} g5 {748} 13. fxg5 {550} Bxg5 {6} 14. Nd1 {19} Kh8 {504} 15. Nf2 {570} Ne7
{978} 16. Nh3 {42} Bh6 {6} 17. Nb1 {263} Ng6 {169} 18. Nc3 {60} c6 {10} 19. Bd2
{133} Ng4 {294} 20. Bxg4 {157} fxg4 {4} 21. Nf4 {11} Bxf4 {315} 22. exf4 {5}
Nh4 {28} 23. Ne2 {42} Nf5 {65} 24. Ng3 {25} Qe7 {91} 25. Nxf5 {279} Bxf5 {11}
26. Qe3 {11} Rg8 {87} 27. Be1 {429} h6 {92} 28. Rc1 {24} Raf8 {13} 29. Rc3 {26}
Rf7 {23} 30. Rb3 {14} h5 {51} 31. Qg3 {42} Rh7 {46} 32. Qh4 {213} Qxh4 {34} 33.
Bxh4 {4} Rf7 {28} 34. Re3 {75} Rgf8 {51} 35. Kg1 {104} Bc8 {49} 36. g3 {145}
Kh7 {46} 37. Kf2 {9} Kg6 {104} 38. Rb3 {28} Kf5 {39} 39. Ke3 {7} Be6 {37} 40.
Rb6 {19} Rd7 {36} 41. Rc1 {287} Rh7 {553} 42. Rc3 {173} Rc7 {154} 43. Ra3 {24}
Bc8 {128} 44. Ra5 {8} Ke6 {762} 45. Bg5 {515} Kf5 {27} 46. b4 {84} Kg6 {53} 47.
b5 {57} Kf5 {74} 48. bxc6 {47} bxc6 {78} 49. Ra3 {78} Bb7 {218} 50. Rab3 {21}
Rff7 {12} 51. Rb1 {203} Rh7 {0} 52. Rh1 {112} Rcd7 {44} 53. Rb2 {29} Kg6 {68}
54. h3 {170} Rdf7 {26} 55. hxg4 {194} hxg4 {5} 56. Rbh2 {8} Rxh2 {54} 57. Rxh2
{4} Rh7 {34} 58. f5+ {22} Kg7 {11} 59. Rxh7+ {57} Kxh7 {3} 60. Kf4 {10} 1-0